 Dungeon Crawl Stone Soup version 0.19-a0-1889-g9c603be (webtiles) character file.

785 tboon the Chopper (level 7, -11/61 HPs)
             Began as a Minotaur Fighter on Oct 17, 2016.
             Mangled by Dalwyn's ghost (14 damage)
             ... on level 5 of the Dungeon.
             The game lasted 00:13:07 (3617 turns).

tboon the Chopper (Minotaur Fighter)                Turns: 3617, Time: 00:13:07

Health: -11/61     AC:  8    Str: 20 (22) XL:     7   Next: 56%
Magic:  6/6        EV:  7    Int:  5 (6)  God:
Gold:   194        SH: 10    Dex:  6 (9)  Spells: 0 memorised, 6 levels left

rFire  . . .     SeeInvis .     a - +1 war axe
rCold  . . .     Gourm    .     b - +0 scale mail
rNeg   . . .     Faith    .     c - +1 shield
rPois  .         Spirit   .     (helmet restricted)
rElec  .         Reflect  .     x - +0 cloak
rCorr  .         Harm     .     (no gloves)
MR     .....                    (no boots)
Stlth  ..........               (no amulet)
                                (no ring)
                                (no ring)

@: no status effects
A: retaliatory headbutt, horns 2
a: no special abilities


You were on level 5 of the Dungeon.
You were not hungry.

You visited 1 branch of the dungeon, and saw 6 of its levels.

You collected 194 gold pieces.

Inventory:

Hand Weapons
 a - a +1 war axe (weapon)
Armour
 b - a +0 scale mail (worn)
 c - a +1 shield (worn)
 x - a +0 cloak (worn)
Jewellery
 q - an uncursed ring of flight {unknown}
Wands
 n - a wand of slowing (24/48)
Scrolls
 d - 2 scrolls of identify {unknown}
 j - a scroll of enchant weapon
 r - a scroll of amnesia {unknown}
 t - a scroll of teleportation {unknown}
 y - a scroll of remove curse {unknown}
Potions
 e - a potion of magic {unknown}
 g - 2 potions of degeneration
 h - a potion of curing {unknown}
 i - a potion of resistance {unknown}
 k - 3 potions of heal wounds {unknown}
 l - 2 potions of flight {unknown}
 o - a potion of mutation {unknown}
 p - a potion of cancellation {unknown}
 u - a potion of berserk rage {unknown}
 v - 2 potions of lignification {unknown}
Comestibles
 f - 4 bread rations
 m - a slice of pizza
 s - a chunk of flesh
 w - a beef jerky


   Skills:
 + Level 5.5 Fighting
 * Level 6.9 Axes
 + Level 5.9 Armour
 + Level 5.9 Shields


You had 6 spell levels left.
You didn't know any spells.

Dungeon Overview and Level Annotations

Branches:
Dungeon (6/15)
 Temple: D:4-7

Altars:
Qazlal

Shops:
D:4 *

Annotations:
D:5 Dalwyn's ghost, novice CeGl


Innate Abilities, Weirdness & Mutations

You reflexively headbutt those who attack you in melee.
You have a pair of horns on your head.


Message History

You slash Dalwyn's ghost! Your headbutt misses Dalwyn's ghost.
Dalwyn's ghost is heavily damaged.
You block Dalwyn's ghost's attack.
Dalwyn's ghost whispers, "Trust me.
Just give in."
You block Dalwyn's ghost's attack.
You hit Dalwyn's ghost but do no damage.
Dalwyn's ghost is heavily damaged.
Dalwyn's ghost hits you!
* * * LOW HITPOINT WARNING * * *
You hit Dalwyn's ghost.
You headbutt Dalwyn's ghost, but do no damage.
Dalwyn's ghost is heavily damaged.
Dalwyn's ghost hits you.
* * * LOW HITPOINT WARNING * * *
It was a potion of degeneration.
There was something very wrong with that liquid.
You feel weakened.
You feel dopey.
You feel clumsy.
Dalwyn's ghost ripples.
Dalwyn's ghost hits you!
You die...

# .#
###.#######..####
.<......W@.......
##.###.####.####
#.# #>#
#..........#
#####.###### #.#
#.. ...


You could see Dalwyn's ghost.

Vanquished Creatures
  A sky beast (D:6)
  An ogre (D:4)
  2 scorpions (D:4)
  A howler monkey (D:4)
  A hound (D:6)
  2 orc priests (D:3)
  6 orc wizards
  A centaur skeleton (D:4)
  6 adders
  5 dart slugs
  5 leopard geckos
  23 orcs
  6 giant cockroaches
  11 goblins
  4 hobgoblins
  3 jackals (D:4)
  4 quokkas
  2 ball pythons
  8 bats
  6 frilled lizards
  7 kobolds
  9 rats
114 creatures vanquished.

Notes
Turn   | Place    | Note
-------+----------+-------------------------------------------
     0 | D:1      | tboon the Minotaur Fighter began the quest for the Orb.
     0 | D:1      | Reached XP level 1. HP: 19/19 MP: 0/0
   188 | D:1      | Reached XP level 2. HP: 26/27 MP: 1/1
   413 | D:1      | Reached XP level 3. HP: 33/33 MP: 2/2
   569 | D:2      | Found a faded altar of an unknown god.
   699 | D:2      | Reached skill level 3 in Axes
   951 | D:2      | Reached XP level 4. HP: 38/40 MP: 3/3
  1479 | D:3      | Found a stormy altar of Qazlal.
  1551 | D:3      | Reached skill level 4 in Axes
  1555 | D:3      | Reached XP level 5. HP: 35/47 MP: 4/4
  2081 | D:3      | Reached skill level 5 in Axes
  2479 | D:4      | Reached XP level 6. HP: 51/53 MP: 5/5
  2602 | D:4      | Reached skill level 5 in Armour
  2602 | D:4      | Reached skill level 5 in Shields
  2755 | D:4      | Reached skill level 5 in Fighting
  2795 | D:4      | Found Fyorhaum's Assorted Antiques.
  2805 | D:4      | Reached skill level 6 in Axes
  2819 | D:4      | Reached XP level 7. HP: 28/61 MP: 6/6
  2823 | D:4      | HP: 3/61 [orc/morningstar (6)]
  3497 | D:4      | You fall through a shaft for 2 floors!
  3570 | D:5      | Entered Level 5 of the Dungeon
  3601 | D:5      | Noticed Dalwyn's ghost (novice CeGl)
  3616 | D:5      | HP: 3/61 [Dalwyn's ghost (5)]
  3617 | D:5      | Mangled by Dalwyn's ghost

Vault maps used:
D:1:      saegor_arrival_miasma, feat_on_display
D:2:      ecumenical_altar_2, moated_statue
D:3:      roderic_st_hans_cross, nicolae_qazlal_general_emergency
D:4:      serial_shops, nicolae_shop_crystal, kennysheep_decorative_pillar
D:5:      first_bread, cheibriados_altar_1
D:6:      uniq_menkaure

Skill      XL: |  1  2  3  4  5  6 |
---------------+-------------------+-----
Armour         | 4 5 |  5.9
Shields        | 4 5 |  5.9
Fighting       | 4 5 |  5.5
Axes           | 3 4 5 6 |  6.9

Action                   |  1- 3 |  4- 6 |  7- 9 || total
-------------------------+-------+-------+-------++-------
Melee: War axe           |   102 |   188 |    50 ||   340
       Headbutt          |    15 |    22 |     8 ||    45
  Use: Scroll            |       |     3 |       ||     3
       Potion            |       |       |     2 ||     2
  Eat: Chunk             |       |     7 |     2 ||     9
Armor: Scale mail        |    44 |    84 |     7 ||   135
Dodge: Dodged            |    34 |    49 |     8 ||    91
Block: Shield            |    61 |    91 |    24 ||   176
